 Dungeon Crawl Stone Soup version 0.28-a0-957-g42eb19b844 (webtiles) character file.

Game seed: 4383041408125587289

21 mainiacjoe the Caller (level 2, 0/15 HPs)
             Began as a Deep Elf Summoner on Nov 30, 2021.
             Succumbed to an adder's poison
             ... on level 2 of the Dungeon.
             The game lasted 00:02:42 (1071 turns).

mainiacjoe the Caller (Deep Elf Summoner)           Turns: 1071, Time: 00:02:42

Health: 0/15       AC:  2    Str:  5    XL:     2   Next: 65%
Magic:  5/8        EV: 12    Int: 19    God:
Gold:   89         SH:  0    Dex: 15    Spells: 5/8 levels left

rFire   . . .      SeeInvis .   f - +0 short sword
rCold   . . .      Faith    .   (no shield)
rNeg    . . .      Spirit   .   a - +0 robe
rPois   .          Reflect  .   (no helmet)
rElec   .          Harm     .   (no cloak)
rCorr   .          Rampage  .   (no gloves)
Will    .....                   (no boots)
Stlth   ++........              (no amulet)
HPRegen 0.05/turn               (no ring)
MPRegen 0.11/turn               (no ring)

@: lethally poisoned (0 -> -1)
A: no striking features
a: no special abilities


You were on level 2 of the Dungeon.
You visited 1 branch of the dungeon, and saw 2 of its levels.

You collected 89 gold pieces.

Inventory:

Hand Weapons
 b - a +0 dagger
 f - a +0 short sword (weapon)
Missiles
 c - 17 stones
 d - 3 bolts
Armour
 a - a +0 robe (worn)
Scrolls
 g - a scroll of acquirement {unknown}


   Skills:
 - Level 2.6 Dodging
 - Level 2.7 Stealth
 + Level 3.6 Spellcasting
 + Level 4.7 Summonings


You had 5 spell levels left.
You knew the following spells:

 Your Spells              Type           Power      Damage    Failure   Level
a - Summon Small Mammal   Summ           84%        N/A       1%          1
b - Call Imp              Summ           21%        N/A       3%          2

Your spell library contained the following spells:

 Spells                   Type           Power      Damage    Failure   Level
 Call Canine Familiar     Summ           21%        N/A       6%          3
 Summon Guardian Golem    Hex/Summ       12%        N/A       16%         3
 Summon Lightning Spire   Summ/Air       12%        N/A       47%         4


Dungeon Overview and Level Annotations

Branches:
Dungeon (2/15)

Altars:


Message History

There is a faded altar of an unknown god here.
You see here a -2 mace.
Your white imp disappears in a puff of smoke!
There is a stone staircase leading down here.
You climb downwards.
There is a stone staircase leading up here.
An adder is nearby!
Casting: Call Imp (safe; 3% risk of failure)
Confirm with . or Enter, or press ? or * to list all spells.
A beastly little devil appears in a puff of flame.
Found 2 silver javelins.
Your crimson imp blinks!
Casting: Call Imp (safe; 3% risk of failure)
Confirm with . or Enter, or press ? or * to list all spells.
The adder barely misses you.
You hit the adder.
The adder is lightly wounded.
The adder bites you but does no damage. The adder bites you.
You are poisoned.
The adder poisons you!
You closely miss the adder.
The adder is lightly wounded.
You feel sick.
Your quokka bites the adder.
The adder bites you.
Your crimson imp hits the adder but does no damage.
You feel sick. The adder closely misses your quokka.
Your quokka closely misses the adder.
Your crimson imp hits the adder.
* * * LOW HITPOINT WARNING * * *
You feel sick. The adder misses your crimson imp.
Your quokka bites the adder.
The adder dies!
There is a lethal amount of poison in your body!
It was a potion of cancellation.
You feel magically purged.
* * * LOW HITPOINT WARNING * * *
You feel sick.
Unknown command.
There is a lethal amount of poison in your body!
* * * LOW HITPOINT WARNING * * *
You feel sick.
* * * LOW HITPOINT WARNING * * *
You feel sick.
You die...

### ..# #
#.#.# #.#.#
#<#.##
#.####....#
#...(.r5..#
#####.@...#
+.........
#....#####
######


You could see a friendly crimson imp (summoned) and a friendly quokka
(summoned).

Vanquished Creatures
  A hobgoblin (D:1)
  2 frilled lizards (D:1)
3 creatures vanquished.

Vanquished Creatures (collateral kills)
  An adder (D:2)
  A worm (D:1)
  A ball python (D:1)
  3 bats (D:1)
  An endoplasm (D:1)
7 creatures vanquished.

Grand Total: 10 creatures vanquished

Notes
Turn   | Place    | Note
-------+----------+-------------------------------------------
     0 | D:1      | mainiacjoe the Deep Elf Summoner began the quest for the
                  | Orb.
     0 | D:1      | Reached XP level 1. HP: 10/10 MP: 6/6
   457 | D:1      | Found a faded altar of an unknown god.
   572 | D:1      | Reached XP level 2. HP: 7/15 MP: 6/8
   575 | D:1      | Learned a level 2 spell: Call Imp
  1071 | D:2      | Succumbed to an adder's poison

Illustrated notes

Levels and vault maps discovered:
D:1:      dpeg_arrival_brainrot, layout_basic, ebering_ecumenical_altar_rust
D:2:      layout_basic

Action                   || total
-------------------------++-------
Melee: Dagger            ||    14
       Short sword       ||     4
 Cast: Summon Small Mamm ||    10
       Call Imp          ||     2
  Use: Potion            ||     1
 Stab: Sleeping          ||     1
Armor: Robe              ||    13
Dodge: Dodged            ||    24

Table legend: (Time is in decaauts)
 A = Elapsed time spent in this place.
 B = Non-inter-level travel time spent in this place.
 C = Inter-level travel time spent in this place.
 D = Time resting spent in this place.
 E = Time spent auto-exploring this place.
 F = Levels seen in this place.
 G = Mean time per level.
                   A        B        C        D        E       F      G
               +--------+--------+--------+--------+--------+-----+--------+
         Total |   1070 |   1010 |     60 |      0 |    870 |   2 |  535.0 |
       Dungeon |   1070 |   1010 |     60 |      0 |    870 |   2 |  535.0 |
               +--------+--------+--------+--------+--------+-----+--------+

Top non-repeatable levels by time:
     D:1: 1059 daAuts
     D:2: 11 daAuts
